 Dungeon Crawl Stone Soup version 0.19.5 (webtiles) character file.

318 tidbits the Ducker (level 6, -1/66 HPs)
             Began as a High Elf Wanderer on Oct 30, 2017.
             Slain by tidbits's ghost (6 damage)
             ... on level 5 of the Dungeon.
             The game lasted 00:10:53 (1593 turns).

tidbits the Ducker (High Elf Wanderer)              Turns: 1593, Time: 00:10:54

Health: -1/66      AC: 26    Str: 16    XL:     6   Next: 21%
Magic:  7/7        EV:  2    Int: 12    God:
Gold:   231        SH:  0    Dex: 18    Spells: 0 memorised, 5 levels left

rFire  . . .     SeeInvis .     (no weapon)
rCold  . . .     Gourm    .     (armour currently unavailable)
rNeg   + + +     Faith    .     (no shield)
rPois  +         Spirit   .     (helmet currently unavailable)
rElec  .         Reflect  .     (cloak currently unavailable)
rCorr  .         Harm     .     (gloves currently unavailable)
MR     +....     NoTele   +     (boots currently unavailable)
Stlth  ++........               (no amulet)
                                r - ring of poison resistance
                                U - +3 ring of protection

@: tree-form (expiring)
A: (large bone plates 0), magic resistance 1, strong 1
a: no special abilities


You were on level 5 of the Dungeon.
You were very hungry.
You were a tree.
You visited 1 branch of the dungeon, and saw 5 of its levels.

You collected 231 gold pieces.

Inventory:

Hand Weapons
 a - a +2 hand axe
 b - a +1 whip of venom
   (You took it off a gnoll on level 1 of the Dungeon)
 k - a +0 falchion
   (You found it on level 3 of the Dungeon)
 l - a +0 blowgun
   (You took it off a kobold on level 3 of the Dungeon)
 p - a cursed -1 mace
   (You found it on level 3 of the Dungeon)
 t - a +0 hunting sling
   (You found it on level 4 of the Dungeon)
Missiles
 j - 68 stones
 m - 3 tomahawks (quivered)
 n - 4 poisoned needles
 o - 25 bolts
Armour
 B - a +0 ring mail (melded)
 G - a +0 pair of gloves (melded)
   (You found it on level 1 of the Dungeon)
Jewellery
 r - a ring of poison resistance (right branch)
   (You found it on level 5 of the Dungeon)
 U - a +3 ring of protection (left branch)
   (You found it on level 3 of the Dungeon)
Scrolls
 d - a scroll of fear
 e - a scroll of blinking
 f - a scroll of teleportation
 h - 2 scrolls of remove curse
 i - a scroll of immolation
Comestibles
 c - 2 bread rations
 g - 2 meat rations


   Skills:
 - Level 4.5 Fighting
 - Level 2.8 Long Blades
 - Level 1.0 Axes
 - Level 1.0 Throwing
 - Level 2.6 Armour
 + Level 5.6 Dodging
 - Level 1.1 Stealth


You had 5 spell levels left.
You didn't know any spells.

Dungeon Overview and Level Annotations

Branches:
Dungeon (5/15)
 Temple: D:4-7

Altars:
Fedhas
Zin

Annotations:
D:5 tidbits's ghost, novice HEWn


Innate Abilities, Weirdness & Mutations

((You are partially covered in large bone plates. (SH +4)))
You are resistant to hostile enchantments. (MR+)
Your muscles are strong. (Str +2)


Message History

The jackal bites you but does no damage.
You aren't carrying any items that you can evoke.
Unknown command.
It was a potion of lignification.
You turn into a tree.
Your +0 pair of gloves melds into your body.
Your +0 ring mail melds into your body.
Your roots penetrate the ground.
The jackal bites you but does no damage.
Wield which item (- for none, * to show all)? (? for menu, Esc to quit)
Your +1 whip of venom stops dripping with poison.
You are now empty-handed.
The jackal bites you but does no damage.
Really attack barehanded?
You barely miss the jackal.
The jackal bites you but does no damage.
You smack the jackal!
You kill the jackal!
You smack the ogre!
The ogre is moderately wounded.
The ogre hits you with a giant club!
* * * LOW HITPOINT WARNING * * *
You barely miss the ogre.
The ogre is moderately wounded.
You hear the quick rusting of a very distant drain.
The ogre hits you but does no damage.
You smack the ogre!
The ogre is severely wounded.
The ogre hits you but does no damage.
You hit the ogre.
The ogre is severely wounded.
You smack the ogre!
You kill the ogre!
Your Dodging skill increases to level 5!
Tidbits's ghost shrieks, "What do you have that I didn't have?"
The centaur skeleton hits you but does no damage.
You hit the centaur skeleton.
The centaur skeleton is lightly damaged.
The centaur skeleton hits you.
* * * LOW HITPOINT WARNING * * *
A shadow imp comes into view.
You smack the centaur skeleton!
The centaur skeleton is moderately damaged.
The centaur skeleton hits you.
* * * LOW HITPOINT WARNING * * *
The shadow imp disappears for a moment.
The shadow imp moves out of view.
You hit the centaur skeleton.
The centaur skeleton is heavily damaged.
The centaur skeleton hits you but does no damage. x2
You smack the centaur skeleton!
The centaur skeleton is almost destroyed.
The centaur skeleton hits you.
* * * LOW HITPOINT WARNING * * *
You smack the centaur skeleton!
You destroy the centaur skeleton!
You have reached level 6!
Your experience leads to an increase in your attributes!
Your base attributes are Str 14, Int 12, Dex 16.
Increase (S)trength, (I)ntelligence, or (D)exterity?
You feel agile. x2
The bullfrog skeleton hits you but does no damage.
You completely miss the bullfrog skeleton.
The bullfrog skeleton hits you but does no damage.
You smack the bullfrog skeleton!
The bullfrog skeleton is moderately damaged.
The bullfrog skeleton hits you.
* * * LOW HITPOINT WARNING * * *
You hit the bullfrog skeleton.
The bullfrog skeleton is heavily damaged.
The bullfrog skeleton hits you but does no damage. x2
You smack the bullfrog skeleton!
The bullfrog skeleton is almost destroyed.
The bullfrog skeleton hits you but does no damage.
You hit the bullfrog skeleton.
The bullfrog skeleton is almost destroyed.
The bullfrog skeleton hits you but does no damage.
The shadow imp shouts, "Decamp, thou euchred onion-eyed measle!"
You hit the bullfrog skeleton.
You destroy the bullfrog skeleton!
Your transformation is almost over.
You hit tidbits's ghost.
Tidbits's ghost is lightly damaged.
You are feeling very hungry.
Tidbits's ghost hits you but does no damage.
You closely miss tidbits's ghost.
Tidbits's ghost is lightly damaged.
Tidbits's ghost whispers, "Everlasting silence awaits you..."
Tidbits's ghost hits you but does no damage.
You hit tidbits's ghost but do no damage.
Tidbits's ghost is lightly damaged.
Tidbits's ghost hits you but does no damage.
You hit tidbits's ghost but do no damage.
Tidbits's ghost is lightly damaged.
Tidbits's ghost hits you but does no damage.
You hit tidbits's ghost but do no damage.
Tidbits's ghost is lightly damaged.
Tidbits's ghost hits you but does no damage.
You hit tidbits's ghost.
Tidbits's ghost is lightly damaged.
Tidbits's ghost hits you.
You die...

#. ....# #.. ....# #.. ....
##... #.. ... ..... #.# ..#
..... #.# ..#
....##########o##..#.#.#
..........##..5W♣.......
..........##..l###...#.# #
..........##...# #...#.#.
#.......##...# #...#.#.##
#.......##.W.# #...#....
#.......##Z..###...#.#.#
####...Z.†.........#.#.####
#.......#...###.#.........
#.......#...# ###.....###


You could see tidbits's ghost, a shadow imp, an orc and a leopard gecko.

Vanquished Creatures
  An ogre (D:5)
  A bullfrog skeleton (D:5)
  A hound (D:4)
  An orc wizard (D:5)
  A centaur skeleton (D:5)
  4 gnolls
  2 adders
  An ooze (D:3)
  An adder skeleton (D:5)
  A worm (D:4)
  A dart slug (D:1)
  A leopard gecko (D:5)
  6 orcs
  A bat (D:1)
  2 hobgoblins (D:3)
  7 jackals
  7 kobolds
  A quokka (D:3)
  A frilled lizard (D:3)
  2 goblins
  A quokka skeleton (D:5)
  8 rats
52 creatures vanquished.

Notes
Turn   | Place    | Note
-------+----------+-------------------------------------------
     0 | D:1      | tidbits the High Elf Wanderer began the quest for the Orb.
     0 | D:1      | tidbits set off with: a +2 hand axe, a scroll of teleportation, a +0 ring mail, a bread ration
     0 | D:1      | Reached XP level 1. HP: 17/17 MP: 2/2
   103 | D:1      | Reached skill level 1 in Dodging
   107 | D:1      | Reached XP level 2. HP: 17/22 MP: 3/3
   432 | D:3      | Reached XP level 3. HP: 20/27 MP: 4/4
   499 | D:3      | Reached skill level 1 in Long Blades
   593 | D:3      | Reached skill level 2 in Long Blades
   606 | D:3      | Reached XP level 4. HP: 16/34 MP: 5/5
   620 | D:3      | HP: 3/34 [gnoll (3)]
   655 | D:3      | HP: 2/34 [gnoll (5)]
   656 | D:3      | Reached skill level 2 in Dodging
   749 | D:3      | Gained mutation: You are partially covered in large bone plates. (SH +4) [potion of mutation]
   749 | D:3      | Gained mutation: You are resistant to hostile enchantments. (MR+) [potion of mutation]
   749 | D:3      | Gained mutation: Your muscles are strong. (Str +2) [potion of mutation]
  1036 | D:4      | Reached skill level 3 in Dodging
  1081 | D:5      | Entered Level 5 of the Dungeon
  1196 | D:5      | Found a glowing silver altar of Zin.
  1197 | D:5      | Found a blossoming altar of Fedhas.
  1300 | D:5      | Noticed a phantom
  1445 | D:5      | Reached XP level 5. HP: 28/38 MP: 6/6
  1488 | D:5      | Reached skill level 4 in Dodging
  1544 | D:5      | Noticed tidbits's ghost (novice HEWn)
  1560 | D:5      | Noticed an ogre
  1576 | D:5      | Killed an ogre
  1576 | D:5      | Reached skill level 5 in Dodging
  1580 | D:5      | HP: 5/57 [centaur skeleton (4)]
  1581 | D:5      | Reached XP level 6. HP: 6/44 MP: 7/7
  1593 | D:5      | Slain by tidbits's ghost

Skill      XL: |  1  2  3  4  5 |
---------------+----------------+-----
Dodging        | 1 3 5 |  5.6
Long Blades    | 2 |  2.8
Fighting       | |  4.5
Axes           | |  1.0
Throwing       | |  1.0
Armour         | |  2.6
Stealth        | |  1.1

Action                   |  1- 3 |  4- 6 || total
-------------------------+-------+-------++-------
Melee: Hand axe          |    39 |    12 ||    51
       Whip              |    37 |    71 ||   108
       Unarmed           |       |    24 ||    24
Throw: Stone             |     2 |     3 ||     5
       Tomahawk          |       |     4 ||     4
  Use: Potion            |     2 |     2 ||     4
       Scroll            |       |     4 ||     4
  Eat: Chunk             |       |     2 ||     2
Armor: Ring mail         |    32 |    31 ||    63
       Skin              |       |    19 ||    19
Dodge: Dodged            |    49 |    63 ||   112
Block: Other             |       |    15 ||    15

Table legend:
 A = Turns spent in this place as a percentage of turns spent in the entire game.
 B = Non-inter-level travel turns spent in this place as a percentage of non-inter-level travel turns spent in the entire game.
 C = Inter-level travel turns spent in this place as a percentage of turns spent in this place.
 D = Turns resting spent in this place as a percentage of non-inter-level travel turns spent in this place.
 E = Turns spent auto-exploring this place as a percentage of non-inter-level travel turns spent in this place.
 F = Non-inter-level travel turns spent in this place divided by the number of levels of this place that you've seen.
                   A       B       C       D       E      F
               +-------+-------+-------+-------+-------+----------------------
         Total | 100.0 | 100.0 |   0.0 |   0.1 |   0.0 | 297.8
       Dungeon | 100.0 | 100.0 |   0.0 |   0.1 |   0.0 | 297.8
               +-------+-------+-------+-------+-------+----------------------

Table legend:
 A = Kills in this place as a percentage of kills in entire the game.
 B = Kills by you in this place as a percentage of kills by you in the entire game.
 C = Kills by friends in this place as a percentage of kills by friends in the entire game.
 D = Other kills in this place as a percentage of other kills in the entire game.
 E = Experience gained in this place as a percentage of experience gained in the entire game.
 F = Experience gained in this place divided by the number of levels of this place that you have seen.
                   A       B       C       D       E      F
               +-------+-------+-------+-------+-------+----------------------
         Total | 100.0 | 100.0 |  -nan |  -nan | 100.0 |  91.0
       Dungeon | 100.0 | 100.0 |  -nan |  -nan | 100.0 |  91.0
               +-------+-------+-------+-------+-------+----------------------

Vault maps used:
D:1:      dpeg_arrival_erosion, hangedman_abyss_or_decor_lesser_grid,
          kennysheep_minor_cross
D:2:      cheibriados_altar_1
D:3:      chequers_temple_overflow_minitemple
D:4:      first_bread
D:5:      minitemple, portal_sewer_entry_b
